 Dungeon Sprint DCSS version 0.20.1-1-g8b1a95d (webtiles) character file.

2004 wojtek the Bludgeoner (level 9, -3/132 (135) HPs)
             Began as a Minotaur Fighter on Jan 1, 2018.
             Slain by a swamp drake (5 damage)
             ... in the Dungeon (Sprint II: "The Violet Keep of Menkaure").
             The game lasted 00:04:03 (1011 turns).

wojtek the Bludgeoner (Minotaur Fighter)            Turns: 1011, Time: 00:04:04

HP:   -3/132 (135)  AC:  9    Str: 30    XL:     9   Next: 2%
MP:   8/8           EV: 11    Int:  5    God:
Gold: 1053          SH:  0    Dex:  9    Spells: 8/8 levels left

rFire    . . .     SeeInvis .   a - +0 flail
rCold    . . .     Gourm    .   m - +0 shield
rNeg     . . .     Faith    .   b - +0 scale mail
rPois    .         Spirit   .   (helmet restricted)
rElec    .         Reflect  .   (no cloak)
rCorr    .         Harm     .   (no gloves)
MR       .....     NoTele   +   (no boots)
Stlth    ..........             (no amulet)
Regen    0.4/turn               (no ring)
MPRegen  0.2/turn               (no ring)

@: confused, berserking (expiring), lethally poisoned (-3 -> -10), slowed
A: retaliatory headbutt, horns 2
a: no special abilities


You were in the Dungeon.
You were not hungry.

You visited 1 branch You collected 1053 gold pieces.

Inventory:

Hand Weapons
 a - a +0 flail (weapon)
Armour
 b - a +0 scale mail (worn)
 m - a +0 shield (worn)
Scrolls
 k - a scroll of blinking
Potions
 d - a potion of might
 e - a potion of curing
 g - a potion of heal wounds
 h - a potion of haste
 i - 2 potions of magic
Comestibles
 f - a bread ration


   Skills:
 + Level 11.9 Fighting
 * Level 15.7 Maces & Flails
 + Level 12.0 Armour
 + Level 6.3 Dodging
 - Level 3.6 Shields


You had 8 spell levels left.
You didn't know any spells.

Dungeon Overview and Level Annotations

Branches:
Dungeon (1/1)

Altars:
Cheibriados
Dithmenos
Elyvilon
Hepliaklqana
Kikubaaqudgha
Makhleb
Qazlal
Ru
Sif Muna
Trog
Uskayaw
Xom
Yredelemnul
The Shining One
Beogh
Jiyva
Lugonu

Shops:
D !:??=(*:!}[*=[%!

Annotations:
D exclusion: oklob plant


Innate Abilities, Weirdness & Mutations

You reflexively headbutt those who attack you in melee.
You have a pair of horns on your head.


Message History

The foul vapour misses you. The swamp drake barely misses you.
The hell hog is engulfed in noxious fumes.
The hell hog appears confused.
You bump into the stone wall.
You feel a strong urge to attack something.
You are engulfed in noxious fumes.
You choke on the stench!
You are more confused.
* * * LOW HITPOINT WARNING * * *
x2 You feel sick.
The death drake bites you but does no damage.
The hell hog is engulfed in noxious fumes.
The hell hog appears confused.
The swamp drake bites you but does no damage.
The death drake breathes miasma at you. The foul vapour misses you.
You are too berserk!
You bump into the stone wall.
* * * LOW HITPOINT WARNING * * *
You feel sick. The swamp drake bites you.
You die...

§§≈ 8§≈ ##++## §§
##≈§..### # §§ e≈.....#
#++ #+++ ####(...# ...
.... #.)'..h.#
≈.##+##..#.[####.#
≈##...##.####.('@###
≈#..#..# ...#$h#kk.#
###.#.####..## ##..#
.###'###.##..# +..#
.###.##.#.#..# #..# #
#.'.<.'###'..####..##.#
.###.##.#.#....###...##▓▓
.###'###.##.§....≈≈≈≈≈≈≈≈≈
###.).####≈≈§....≈#+######


You could see a death drake, 2 hell hogs and a swamp drake.

Vanquished Creatures
  A great orb of eyes (D)
  A merfolk siren (D)
  2 hippogriffs (D)
  Menkaure (D)
  4 necrophages (D)
  A crocodile (D)
  4 worker ants (D)
14 creatures vanquished.

Vanquished Creatures (others)
  A crocodile (D)
1 creature vanquished.

Grand Total: 15 creatures vanquished

Notes
Turn   | Place    | Note
-------+----------+-------------------------------------------
     0 | D        | wojtek the Minotaur Fighter began the quest for the Orb.
     0 | D        | Reached XP level 1. HP: 19/19 MP: 0/0
     1 | D        | Noticed a necrophage
     1 | D        | Noticed a necrophage
     1 | D        | Noticed a necrophage
     1 | D        | Noticed a necrophage
     7 | D        | Killed a necrophage
     7 | D        | Reached skill level 7 in Maces & Flails
     7 | D        | Reached XP level 2. HP: 22/30 MP: 1/1
     7 | D        | Reached XP level 3. HP: 28/37 MP: 2/2
     7 | D        | Reached XP level 4. HP: 33/44 MP: 3/3
    13 | D        | Killed a necrophage
    13 | D        | Reached skill level 9 in Maces & Flails
    13 | D        | Reached XP level 5. HP: 37/52 MP: 4/4
    17 | D        | Killed a necrophage
    17 | D        | Reached skill level 10 in Maces & Flails
    17 | D        | Reached XP level 6. HP: 44/61 MP: 5/5
    22 | D        | Reached skill level 11 in Maces & Flails
    56 | D        | Noticed Menkaure
    57 | D        | Noticed an ice statue
    64 | D        | Killed Menkaure
    64 | D        | Reached skill level 12 in Maces & Flails
   305 | D        | Noticed a hippogriff
   305 | D        | Noticed a hippogriff
   313 | D        | Killed a hippogriff
   313 | D        | Reached skill level 10 in Fighting
   313 | D        | Reached skill level 13 in Maces & Flails
   313 | D        | Reached skill level 10 in Armour
   313 | D        | Reached XP level 7. HP: 57/71 MP: 6/6
   321 | D        | Killed a hippogriff
   587 | D        | Noticed a merfolk siren
   600 | D        | Killed a merfolk siren
   600 | D        | Reached skill level 14 in Maces & Flails
   600 | D        | Reached XP level 8. HP: 79/81 MP: 7/7
   614 | D        | Found Beotsep's Jewellery Boutique.
   614 | D        | Found Killuf's Food Boutique.
   614 | D        | Found Qiacs's General Store.
   615 | D        | Found Yghedill's Distillery.
   615 | D        | Found Ecraeco's Antique Armour Shop.
   615 | D        | Found Hofud's Gadget Boutique.
   615 | D        | Found Mujo's Distillery.
   615 | D        | Found Pasy's Book Boutique.
   616 | D        | Found Zaoqiojo's Antique Weapon Boutique.
   616 | D        | Found Befoz's Jewellery Shop.
   617 | D        | Found Yxkuisch's Antique Armour Shop.
   617 | D        | Found Nigg's Assorted Antiques.
   618 | D        | Found Cigeuju's Magic Scroll Boutique.
   618 | D        | Found Ucinam's Magic Scroll Shop.
   618 | D        | Noticed an oklob plant
   634 | D        | Found Weenised's Book Shoppe.
   634 | D        | Found Noemavom's Distillery.
   688 | D        | Found a roughly hewn altar of Beogh.
   689 | D        | Found a hazy altar of Hepliaklqana.
   689 | D        | Found a snail-covered altar of Cheibriados.
   690 | D        | Found a stormy altar of Qazlal.
   690 | D        | Found a viscous altar of Jiyva.
   690 | D        | Found a shadowy altar of Dithmenos.
   691 | D        | Found a sacrificial altar of Ru.
   691 | D        | Found an ancient bone altar of Kikubaaqudgha.
   691 | D        | Found a white marble altar of Elyvilon.
   692 | D        | Found a deep blue altar of Sif Muna.
   692 | D        | Found a corrupted altar of Lugonu.
   693 | D        | Found a shimmering altar of Xom.
   693 | D        | Found a bloodstained altar of Trog.
   693 | D        | Found a burning altar of Makhleb.
   694 | D        | Found a glowing golden altar of the Shining One.
   694 | D        | Found a basalt altar of Yredelemnul.
   694 | D        | Found a hide-covered altar of Uskayaw.
   702 | D        | Noticed a deep elf master archer
   781 | D        | Noticed a great orb of eyes
   793 | D        | Killed a great orb of eyes
   793 | D        | Reached skill level 15 in Maces & Flails
   793 | D        | Reached XP level 9. HP: 40/89 MP: 8/8
  1000 | D        | Noticed a hell hog
  1000 | D        | Noticed a hell hog
  1005 | D        | Noticed a death drake
  1009 | D        | HP: 6/132 [hell hog (5)]
  1011 | D        | HP: 2/132 [poisoned by a death drake (foul vapour)]
  1011 | D        | Slain by a swamp drake

Skill      XL: |  1  2  3  4  5  6  7  8 |
---------------+-------------------------+-----
Fighting       | 6 7 8 10 11 | 11.9
Maces & Flails | 7 9 10 13 14 15 | 15.7
Armour         | 6 7 8 10 11 12 | 12.0
Dodging        | 4 6 |  6.3
Shields        | |  3.6

Action                   |  1- 3 |  4- 6 |  7- 9 || total
-------------------------+-------+-------+-------++-------
Melee: Flail             |     5 |    29 |    57 ||    91
       Headbutt          |     2 |     9 |    12 ||    23
  Use: Potion            |       |       |     1 ||     1
Armor: Scale mail        |     1 |     4 |    21 ||    26
Dodge: Dodged            |     2 |     9 |    14 ||    25
Block: Shield            |       |    11 |     7 ||    18
